 Dungeon Crawl Stone Soup version 0.32-a0-128-g77eb882913 (webtiles) character file.

Game seed: 2665414744041160236

69944 BubbleThief the Warrior (level 15, -2/140 HPs)
             Began as an Octopode Fighter on Feb 8, 2024.
             Was the Champion of Wu Jian.
             Slain by a death yak (11 damage)
             ... on level 5 of the Lair of Beasts.
             The game lasted 00:25:07 (14772 turns).

BubbleThief the Warrior (Octopode Fighter)         Turns: 14772, Time: 00:25:07

Health: -2/140     AC: 10    Str: 26    XL:     15   Next: 31%
Magic:  15/15      EV: 20    Int: 18    God:    Wu Jian [******]
Gold:   1314       SH:  0    Dex: 12    Spells: 14/14 levels left

rFire   . .          .
                       - Unarmed
rCold   . . .        a - melded +2 buckler
rNeg    . . .        (helmet currently unavailable)
rPois   +            A - amulet of regeneration
rElec   .            p - ring of flight
rCorr   .            t - +5 ring of evasion
SInv    .            z - +5 ring of evasion
Will    +....        D - +6 ring of intelligence
Stlth   +            G - +4 ring of slaying
HPRegen 1.23/turn    (no ring)
MPRegen 0.14/turn    (no ring)
                     (no ring)

%: no passive effects
@: snake-form, flying
A: constrict, boosted hp, almost no armour, amphibious, 8 rings, large,
(camouflage 1), (gelatinous body 1), (nimble swimmer 1), (tentacles)
a: Begin Untransformation, Renounce Religion, Wall Jump, Serpent's Lash,
Heavenly Storm


You were on level 5 of the Lair of Beasts.
You worshipped Wu Jian.
Wu Jian was exalted by your worship.
You were an enormous serpent.
You visited 2 branches of the dungeon, and saw 15 of its levels.
You also visited: Bailey and Ice Cave.

You collected 1314 gold pieces.

Inventory:

Missiles
 r - a throwing net (quivered)
Armour
 a - a +2 buckler (melded)
Jewellery
 p - a ring of flight (left tentacle)
 t - a +5 ring of evasion (right tentacle)
 v - a ring of ice
 z - a +5 ring of evasion (on tentacle)
 A - an amulet of regeneration (around neck)
 D - a +6 ring of intelligence (on tentacle)
 G - a +4 ring of slaying (on tentacle)
Talismans
 i - a serpent talisman (active)
Wands
 f - a wand of iceblast (12)
 o - a wand of acid (13)
 y - a wand of polymorph (16)
 B - a wand of paralysis (27)
Scrolls
 e - 4 scrolls of identify
 j - 4 scrolls of teleportation
 m - a scroll of silence
 s - a scroll of brand weapon {unknown}
 u - 2 scrolls of fog
 I - a scroll of immolation {unknown}
Potions
 b - 4 potions of might
 c - 3 potions of resistance
 d - 8 potions of heal wounds
 g - 5 potions of curing
 h - 6 potions of brilliance
 k - 4 potions of lignification
 l - 3 potions of haste {unknown}
 n - 5 potions of magic
 q - 3 potions of mutation
 x - 2 potions of attraction
 C - 3 potions of ambrosia
 E - a potion of enlightenment {unknown}
 F - a potion of invisibility {unknown}
 H - 3 potions of degeneration {unknown}
Miscellaneous
 w - a phial of floods


   Skills:
 - Level 15.9 Fighting
 - Level 3.0 Dodging
 - Level 3.0 Shields
 - Level 15.8 Unarmed Combat
 + Level 12.3 Shapeshifting


You had 14 spell levels left.
You didn't know any spells.
Your spell library contained the following spells:

 Spells                   Type           Power      Damage    Failure   Level
 Shock                    Conj/Air       0%         1d3       22%         1
 Slow                     Hex            0%         N/A       22%         1
 Scorch                   Fire           0%         2d5       32%         2
 Confusing Touch          Hex            0%         N/A       54%         3
 Ozocubu's Armour         Ice            0%         N/A       54%         3
 Sigil of Binding         Hex            0%         N/A       54%         3
 Swiftness                Air            0%         N/A       54%         3
 Vampiric Draining        Necr           0%         2d6       54%         3
 Airstrike                Air            0%         2d(0-16)  91%         4
 Flame Wave               Conj/Fire      0%         2d4       91%         4
 Metabolic Englaciation   Hex/Ice        0%         N/A       99%         5
 Sculpt Simulacrum        Ice/Alch       0%         N/A       100%        6
 Summon Cactus Giant      Summ           0%         N/A       100%        6


Dungeon Overview and Level Annotations

Branches:
Dungeon (10/15)            Temple (0/1) D:4            Lair (5/5) D:10
  Swamp (0/4) Lair:2        Snake (0/4) Lair:2        Slime (0/5) Lair:5
 Bailey (visited)           IceCv (visited)
    Orc: D:9-12

Altars:
Dithmenos
Kikubaaqudgha
Ru
Wu Jian
Zin
Jiyva

Shops:
D:2 :   D:10 *


Innate Abilities, Weirdness & Mutations

You are an enormous serpent.
You have a powerful constriction melee attack.
Your maximum health is increased.
Your armour is entirely melded.
You are incapable of wielding weapons or throwing items.
You cannot wear most types of armour.
You are amphibious.
You can wear up to eight rings at the same time.
((Your skin changes colour to match your surroundings (Stealth+).))
((Your rubbery body absorbs attacks. (AC +1, EV +1)))
((You are camouflaged when in or above water. (Stealth+)))
((You have tentacles for arms and can constrict up to eight enemies at once.))


Message History

The death yak completely misses you. x2
Unknown command.
You crush the death yak!!!
You kill the death yak!
The Council accepts your kill.
Unknown command.
You lash the death yak! You grab the death yak.
The death yak is lightly wounded.
You constrict the death yak.
The death yak struggles to escape constriction.
The death yak gores you!!
Unknown command.
You crush the death yak!!!
The death yak is severely wounded.
You constrict the death yak. The death yak completely misses you.
Unknown command.
You body-slam the death yak!!
You kill the death yak!
The Council accepts your kill.
Unknown command.
You lash the death yak! You grab the death yak.
The death yak is lightly wounded.
You constrict the death yak. The death yak gores you!! x2
* * * LOW HITPOINT WARNING * * *
You hit the death yak.
The death yak is moderately wounded.
You constrict the death yak. The death yak closely misses you.
Unknown command.
You body-slam the death yak!!
The death yak is heavily wounded.
You constrict the death yak, but do no damage.
The death yak gores you!!
* * * LOW HITPOINT WARNING * * *
Unknown command.
You lash the death yak!
The death yak is severely wounded.
You constrict the death yak. The death yak gores you!
* * * LOW HITPOINT WARNING * * *
The death yak gores you!
You die...

##........................
#................^........
#.........................
###.........................
##...........................
Y..$.........................
.............................
..##......†Y##.#.#P#.P..###.
#######YS##########..# ##
#### ####


You could see 2 death yaks.

Vanquished Creatures
  Kirke (Lair:5)
  A frost giant (IceCv)
  An orc warlord (Bailey)
  Josephine (Lair:4)
  4 hydras
  A boulder beetle (Lair:1)
  10 death yaks
  Urug (Lair:4)
  Sonja (Lair:5)
  A skyshark (Lair:4)
  Pikel (D:4)
  16 elephants
  An ice statue (IceCv)
  3 black mambas
  Jeremiah (D:7)
  11 cane toads
  A kobold demonologist (D:10)
  10 rime drakes
  6 komodo dragons
  5 polar bears (IceCv)
  3 trolls
  Grinder (D:4)
  Prince Ribbit (D:5)
  7 dream sheep (Lair:5)
  11 blink frogs
  Sigmund (D:5)
  4 fire bats (Lair:3)
  2 basilisks
  7 wraiths
  3 wyverns
  3 steam dragons
  33 yaks
  3 hogs (Lair:5)
  Menkaure (D:4)
  3 nagas (Lair:2)
  11 water moccasins
  2 acid dragons
  11 orc warriors
  2 ice beasts
  A black bear (D:10)
  3 ogres
  25 wolves
  4 centaurs
  3 phantoms
  11 kobold brigands
  11 bullfrogs
  2 gnoll sergeants
  6 scorpions
  5 wights (D:8)
  9 killer bees
  2 electric eels
  2 howler monkeys
  A jelly (D:5)
  3 hounds
  2 orc priests
  Crazy Yiuf (D:2)
  2 sleepcaps
  4 iguanas
  11 orc wizards
  2 hell rats (Lair:4)
  15 gnolls
  6 adders
  5 river rats (Lair:4)
  A shadow imp (D:6)
  15 white imps
  2 ufetubi (D:6)
  5 ribbon worms
  2 dart slugs
  30 orcs
  6 bats
  14 endoplasms
  2 giant cockroaches (D:1)
  22 goblins
  16 hobgoblins
  4 jackals (D:3)
  18 kobolds
  4 quokkas
  9 ball pythons
  4 frilled lizards
  26 rats
502 creatures vanquished.

Vanquished Creatures (others)
  A human (Lair:5)
1 creature vanquished.

Grand Total: 503 creatures vanquished

Notes
Turn   | Place    | Note
-------+----------+-------------------------------------------
     0 | D:1      | BubbleThief the Octopode Fighter began the quest for the
                  | Orb.
     0 | D:1      | Reached XP level 1. HP: 16/16 MP: 1/1
   166 | D:1      | Reached XP level 2. HP: 21/21 MP: 2/2
   290 | D:1      | Found a faded altar of an unknown god.
   342 | D:1      | Reached XP level 3. HP: 26/26 MP: 3/3
   811 | D:2      | Reached XP level 4. HP: 28/33 MP: 4/4
  1032 | D:2      | Identified the +3 hammer of Doligaagako {freeze, rPois
                  | MP+9}
  1034 | D:2      | Found a runed translucent door.
  1035 | D:2      | Noticed Crazy Yiuf
  1169 | D:2      | Found Xoliv Ehyum's Book Shoppe.
  1767 | D:3      | Reached XP level 5. HP: 25/38 MP: 5/5
  1873 | D:3      | Found an ornate altar of the Wu Jian Council.
  1887 | D:3      | Became a worshipper of the Wu Jian Council
  2059 | D:4      | Noticed a lemure
  2060 | D:4      | Noticed a lemure
  2060 | D:4      | Noticed a lemure
  2060 | D:4      | Noticed a lemure
  2137 | D:4      | Noticed an ogre
  2139 | D:4      | Killed an ogre
  2144 | D:4      | Reached skill level 5 in Fighting
  2144 | D:4      | Reached XP level 6. HP: 45/45 MP: 6/6
  2146 | D:4      | Noticed Menkaure
  2168 | D:4      | Killed Menkaure
  2169 | D:4      | Reached skill level 5 in Unarmed Combat
  2187 | D:4      | Noticed Pikel
  2194 | D:4      | Killed Pikel
  2195 | D:4      | Reached XP level 7. HP: 20/53 MP: 7/7
  2365 | D:4      | Reached XP level 8. HP: 52/58 MP: 8/8
  2437 | D:4      | Found a staircase to the Ecumenical Temple.
  2578 | D:4      | Reached * piety under Wu Jian
  2743 | D:4      | Noticed Grinder
  2759 | D:4      | Killed Grinder
  3323 | D:2      | Killed Crazy Yiuf
  3418 | D:5      | Entered Level 5 of the Dungeon
  3445 | D:5      | Noticed Sigmund
  3450 | D:5      | Killed Sigmund
  3945 | D:5      | Found a sacrificial altar of Ru.
  3982 | D:5      | Reached XP level 9. HP: 55/67 MP: 9/9
  4336 | D:5      | Noticed Prince Ribbit
  4342 | D:5      | Killed Prince Ribbit
  4891 | D:6      | Reached ** piety under Wu Jian
  5771 | D:7      | Reached skill level 10 in Fighting
  6022 | D:7      | Noticed Jeremiah
  6034 | D:7      | Killed Jeremiah
  6035 | D:7      | Reached skill level 10 in Unarmed Combat
  6035 | D:7      | Reached XP level 10. HP: 49/76 MP: 10/10
  6366 | D:7      | Paralysed by a centaur for 3 turns
  7056 | D:8      | Reached *** piety under Wu Jian
  7290 | D:8      | Found an ancient bone altar of Kikubaaqudgha.
  8095 | D:10     | Entered Level 10 of the Dungeon
  8211 | D:10     | Found Hoec's CLEARANCE SALE!.
  8293 | D:10     | Found a flagged portal.
  8312 | Bailey   | Entered a bailey
  8354 | Bailey   | Reached XP level 11. HP: 74/85 MP: 11/11
  8388 | Bailey   | Reached **** piety under Wu Jian
  8524 | Bailey   | Noticed an orc warlord
  8538 | Bailey   | Killed an orc warlord
  8699 | D:10     | Noticed a sun demon
  8733 | D:10     | HP: 4/86 [poisoned by a kobold brigand]
  8735 | D:10     | Reached ***** piety under Wu Jian
  9240 | D:10     | Found a staircase to the Lair.
  9306 | D:10     | Found a shadowy altar of Dithmenos.
  9306 | D:10     | Found a glowing silver altar of Zin.
  9636 | Lair:1   | Entered Level 1 of the Lair of Beasts
  9698 | Lair:1   | Noticed a boulder beetle
  9768 | Lair:1   | Killed a boulder beetle
  9886 | Lair:1   | Reached XP level 12. HP: 82/95 MP: 12/12
 10112 | Lair:1   | Noticed a seven-headed hydra
 10119 | Lair:1   | Killed a seven-headed hydra
 10592 | Lair:2   | Found a frozen archway.
 10636 | IceCv    | Entered an ice cave
 10690 | IceCv    | Noticed a death yak
 10708 | IceCv    | Killed a death yak
 10811 | IceCv    | Noticed a death yak
 10812 | IceCv    | Noticed a death yak
 10822 | IceCv    | Noticed a death yak
 10830 | IceCv    | Killed a death yak
 10841 | IceCv    | Killed a death yak
 10850 | IceCv    | Killed a death yak
 10851 | IceCv    | Reached skill level 15 in Fighting
 11015 | IceCv    | Noticed a frost giant
 11015 | IceCv    | Noticed a death yak
 11022 | IceCv    | Killed a frost giant
 11023 | IceCv    | Reached skill level 15 in Unarmed Combat
 11028 | IceCv    | Killed a death yak
 11036 | IceCv    | Reached XP level 13. HP: 104/104 MP: 13/13
 11496 | Lair:2   | Found a staircase to the Swamp.
 11623 | Lair:2   | Identified the staff "Roab" {rF+ Str+4 Stlth+ Fire}
 11624 | Lair:2   | Reached XP level 14. HP: 111/111 MP: 14/14
 11983 | Lair:2   | Found a staircase to the Snake Pit.
 12305 | Lair:3   | Identified the +6 ring mail of Quantum Leap {Will++}
 13265 | Lair:4   | Noticed Josephine
 13276 | Lair:4   | Killed Josephine
 13369 | Lair:4   | Noticed Urug
 13398 | Lair:4   | Killed Urug
 13398 | Lair:4   | Reached ****** piety under Wu Jian
 14093 | Lair:5   | Entered Level 5 of the Lair of Beasts
 14115 | Lair:5   | Reached skill level 10 in Shapeshifting
 14127 | Lair:5   | Found a viscous altar of Jiyva.
 14161 | Lair:5   | Found a staircase to the Slime Pits.
 14274 | Lair:5   | Noticed Sonja
 14275 | Lair:5   | Noticed Kirke
 14279 | Lair:5   | Reached XP level 15. HP: 112/117 MP: 15/15
 14288 | Lair:5   | Killed Sonja
 14391 | Lair:5   | Killed Kirke
 14772 | Lair:5   | Slain by a death yak

Illustrated notes

Levels and vault maps discovered:
D:1:      dpeg_arrival_morbid_curiosity, layout_rooms,
          dreamdust_ecumenical_altar_angels_and_demons
D:2:      minmay_alternating_diamond, layout_basic, serial_shops,
          nicolae_book_shop_shelving, serial_bayou_lagoon_b,
          uniq_crazy_yiuf_cottage
D:3:      layout_rooms, nicolae_wu_jian_wuxing_cycle
D:4:      layout_basic, temple_green, minmay_misc_feat_enclosed,
          nicolae_kite_square_tiling_tiny, minmay_rat_hole, uniq_grinder,
          uniq_menkaure, uniq_pikel
D:5:      layout_loops_corners, mainiacjoe_overflow_small_starburst,
          minmay_a_box_with_orc_wizards_in_it, uniq_sigmund, uniq_prince_ribbit1
D:6:      cheibrodos_two_vegetables, layout_loops_ring
D:7:      layout_loops_corners, grunt_ministairs_8, minmay_misc_feat_iff,
          uniq_jeremiah
D:8:      layout_basic, general_overflow_altar
D:9:      layout_irregular_city, kennysheep_donut, minmay_radiant
D:10:     minmay_general_purpose_star, layout_loops_ring,
          chequers_temple_overflow_statue_of_worship,
          grunt_lair_entry_orc_guard_hut, special_room [special_room_kobold],
          enter_bailey_5, nicolae_shop_clearance
Lair:1:   layout_gridlike, serial_bayou_crossing, grunt_megastairs_3,
          infiniplex_staircase_pool, serial_bayou_shore_a, serial_bayou_shore_b
Lair:2:   layout_regular_city, swamp_mist_pool, nicolae_snake_entry_squirm,
          portal_ice_cave_entry_imps, grunt_megastairs_4
Lair:3:   layout_gridlike
Lair:4:   layout_regular_city, kennysheep_rathole, uniq_urug, uniq_josephine
Lair:5:   cheibrodos_lair_end_hotspot, layout_regular_city, slime_entry_2,
          chequers_serial_rivers_micro_b, uniq_sonja, uniq_kirke

Skill      XL: |  1  2  3  4  5  6  7  8  9 10 11 12 13 14 15 |
---------------+----------------------------------------------+-----
Unarmed Combat | 3 4 6 8 10 11 13 15 | 15.8
Fighting       | 4 5 6 8 10 11 13 15 | 15.9
Shapeshifting  | 6 10 12 | 12.3
Dodging        | |  3.0
Shields        | |  3.0

Action                     |  1- 3 |  4- 6 |  7- 9 | 10-12 | 13-15 || total
---------------------------+-------+-------+-------+-------+-------++-------
  Melee: Unarmed           |    64 |   105 |   216 |   580 |   437 ||  1402
         Constrict         |    21 |    28 |    52 |    81 |    69 ||   251
         Tentacles         |    12 |    22 |    49 |   159 |    27 ||   269
         Punch             |     2 |     6 |    17 |    51 |    12 ||    88
  Throw: Throwing net      |       |     2 |       |       |       ||     2
 Invoke: Serpent's Lash    |       |       |       |     2 |       ||     2
         Heavenly Storm    |       |       |       |     1 |       ||     1
Ability: Lunge             |       |     1 |    28 |    34 |    22 ||    85
         Whirlwind         |       |       |       |     2 |     5 ||     7
  Evoke: Wand              |       |     2 |       |     9 |       ||    11
         Phial of floods   |       |       |       |     1 |       ||     1
    Use: Scroll            |       |       |     3 |    18 |       ||    21
         Potion            |       |       |     2 |     4 |     1 ||     7
   Stab: Sleeping          |     5 |     2 |     8 |     2 |     2 ||    19
         Distracted        |       |       |       |     1 |       ||     1
 Armour: Skin              |    22 |    32 |    62 |   166 |   187 ||   469
  Dodge: Dodged            |    27 |    51 |    95 |   381 |   383 ||   937
  Block: Buckler           |    10 |    12 |    19 |   117 |    35 ||   193
   Form: Serpent           |       |       |       |       |     1 ||     1

Table legend: (Time is in decaauts)
 A = Elapsed time spent in this place.
 B = Non-inter-level travel time spent in this place.
 C = Inter-level travel time spent in this place.
 D = Time resting spent in this place.
 E = Time spent auto-exploring this place.
 F = Levels seen in this place.
 G = Mean time per level.
                   A        B        C        D        E       F      G
               +--------+--------+--------+--------+--------+-----+--------+
         Total |  14581 |  14075 |    506 |    304 |  10790 |  17 |  857.7 |
       Dungeon |   9254 |   8845 |    409 |    105 |   7045 |  10 |  925.4 |
          Lair |   4285 |   4188 |     97 |    181 |   3191 |   5 |  857.0 |
        Bailey |    306 |    306 |      0 |      0 |    131 |   1 |  306.0 |
      Ice Cave |    734 |    734 |      0 |     18 |    423 |   1 |  734.0 |
               +--------+--------+--------+--------+--------+-----+--------+

Top non-repeatable levels by time:
     D:7: 1273 daAuts
     D:5: 1241 daAuts
     D:4: 1216 daAuts
    D:10: 1203 daAuts
  Lair:4: 955 daAuts
  Lair:2: 926 daAuts
     D:6: 880 daAuts
  Lair:1: 875 daAuts
  Lair:3: 856 daAuts
     D:2: 795 daAuts
   IceCv: 734 daAuts
     D:9: 728 daAuts
     D:1: 719 daAuts
     D:3: 677 daAuts
  Lair:5: 671 daAuts
